 Dungeon Crawl Stone Soup version 0.29.1-12-g30fa7ad0bf (webtiles) character file.

Game seed: 2437159741663501395

95 H0rd4k the Charlatan (level 4, -1/30 HPs)
             Began as an Octopode Artificer on Dec 15, 2022.
             Constricted to death by Natasha (5 damage)
             ... on level 2 of the Dungeon.
             The game lasted 00:01:17 (2521 turns).

H0rd4k the Charlatan (Octopode Artificer)           Turns: 2521, Time: 00:01:17

Health: -1/30      AC:  1    Str: 11    XL:     4   Next: 65%
Magic:  7/7        EV: 14    Int: 15    God:
Gold:   170        SH:  0    Dex: 12    Spells: 7/7 levels left

rFire   + . .      SeeInvis .     - Unarmed
rCold   x . .      Faith    .   (no shield)
rNeg    . . .      Spirit   .   (helmet restricted)
rPois   .          Reflect  .   (no amulet)
rElec   .          Harm     .   n - +4 ring of evasion
rCorr   .          Rampage  .   m - ring of fire
Will    .....                   (no ring)
Stlth   +++.......              (no ring)
HPRegen 0.10/turn               (no ring)
MPRegen 0.10/turn               (no ring)
                                (no ring)
                                (no ring)

@: grasped by roots, constricted
A: almost no armour, amphibious, 8 rings, camouflage 1, gelatinous body 1,
(nimble swimmer 1), tentacles
a: no special abilities


You were on level 2 of the Dungeon.
You visited 1 branch of the dungeon, and saw 2 of its levels.

You collected 170 gold pieces.

Inventory:

Hand Weapons
 a - a +0 club
 k - a +4 dagger
Jewellery
 m - a ring of fire (right tentacle)
 n - a +4 ring of evasion (left tentacle)
Wands
 b - a wand of flame (15) (quivered)
 c - a wand of charming (21)
 d - a wand of iceblast (3)
Scrolls
 e - 3 scrolls of fear {unknown}
 f - 2 scrolls of identify {unknown}
 g - a scroll of noise {unknown}
 h - a scroll of butterflies {unknown}
 i - 2 scrolls of teleportation {unknown}
 j - a scroll of poison {unknown}
 l - 2 scrolls of magic mapping {unknown}
Potions
 o - a potion of curing {unknown}


   Skills:
 * Level 2.5 Fighting
 - Level 2.3 Dodging
 - Level 1.3 Stealth
 + Level 2.0 Unarmed Combat
 * Level 2.1 Spellcasting
 - Level 3.2 Evocations


You had 7 spell levels left.
You didn't know any spells.
Your spell library contained the following spells:

 Spells                   Type           Power      Damage    Failure   Level
 Gell's Gravitas          Tloc           1%         N/A       54%         3
 Lesser Beckoning         Tloc           1%         N/A       54%         3
 Teleport Other           Tloc           1%         N/A       54%         3


Dungeon Overview and Level Annotations

Branches:
Dungeon (2/15)

Altars:
Cheibriados

Annotations:
D:2 Natasha


Innate Abilities, Weirdness & Mutations

You cannot wear most types of armour.
You are amphibious.
You can wear up to eight rings at the same time.
Your skin changes colour to match your surroundings (Stealth+).
Your rubbery body absorbs attacks. (AC +1, EV +1)
((You are camouflaged when in or above water. (Stealth+)))
You have tentacles for arms and can constrict up to eight enemies at once.


Message History

There is an open door here.
There is an open door here.
Key pressed, stopping explore.
No target in view!
An adder comes into view.
An adder is nearby!
The adder hisses angrily.
An adder is nearby!
An adder is nearby!
You miss the adder. Your grab misses the adder. The adder misses you.
An adder is nearby!
You tentacle-slap the adder. You grab the adder. You squeeze the adder!
You kill the adder!
Your Unarmed Combat skill increases to level 2!
No target in view!
No target in view!
Natasha, Servant of Life and Death comes into view.
She is carrying a wand of roots (15).
Natasha is nearby!
Natasha is nearby!
Natasha is nearby!
The helpless Natasha fails to defend herself.
You tentacle-slap Natasha. You grab Natasha.
You tentacle-slap Natasha, but do no damage.
Natasha is lightly wounded.
You constrict Natasha. Natasha claws you but does no damage.
You tentacle-slap Natasha but do no damage.
Natasha is lightly wounded.
You constrict Natasha, but do no damage.
Natasha zaps a wand.
The roots erupt in riotous growth!
The grasping roots grab you!
Natasha is unaffected.
The grasping roots constrict you.
You tentacle-slap Natasha.
Natasha is moderately wounded.
You constrict Natasha. Natasha claws you! The grasping roots constrict you.
You tentacle-slap Natasha.
Natasha is heavily wounded.
You constrict Natasha. Natasha claws you!
* * * LOW HITPOINT WARNING * * *
The grasping roots constrict you.
You die...

#.............# #.
#.............# #.
#....#######..# #.
#..###.....#### #.
####.........####.
####.............###
#...................
#...##########......
###@.# ####...
......h...# ###.
####..#...# ##
##.##..# # ..# ..#
..# ..#


You could see Natasha.

Vanquished Creatures
  Jessica (D:2)
  Terence (D:2)
  An adder (D:2)
  A dart slug (D:1)
  An endoplasm (D:2)
  3 giant cockroaches
  4 hobgoblins
  3 quokkas
  3 ball pythons
  2 bats (D:1)
  3 frilled lizards
  2 goblins (D:1)
  7 kobolds
  3 rats
35 creatures vanquished.

Notes
Turn   | Place    | Note
-------+----------+-------------------------------------------
     0 | D:1      | H0rd4k the Octopode Artificer began the quest for the Orb.
     0 | D:1      | Reached XP level 1. HP: 13/13 MP: 1/1
   668 | D:1      | Reached skill level 1 in Spellcasting
   668 | D:1      | Reached XP level 2. HP: 13/18 MP: 3/3
  1517 | D:2      | Reached XP level 3. HP: 15/24 MP: 3/5
  1744 | D:2      | Noticed Terence
  1781 | D:2      | Killed Terence
  1782 | D:2      | Reached skill level 1 in Unarmed Combat
  2050 | D:2      | Found a snail-covered altar of Cheibriados.
  2127 | D:2      | Found a faded altar of an unknown god.
  2131 | D:2      | Noticed Jessica
  2137 | D:2      | Killed Jessica
  2138 | D:2      | Reached XP level 4. HP: 22/30 MP: 5/7
  2514 | D:2      | Noticed Natasha
  2521 | D:2      | Constricted to death by Natasha

Illustrated notes

Levels and vault maps discovered:
D:1:      lightli_arrival_windingriver, layout_loops_corners,
          chequers_mini_garden
D:2:      layout_basic, hellmonk_ecumenical_altar_zigzags, basic_altar,
          minmay_close_crescents, uniq_terence, uniq_jessica, uniq_natasha

Skill      XL: |  1  2  3  4 |
---------------+-------------+-----
Spellcasting   | 1 2 |  2.1
Fighting       | 2 |  2.5
Unarmed Combat | 1 2 |  2.0
Dodging        | |  2.3
Stealth        | |  1.3
Evocations     | |  3.2

Action                   |  1- 3 |  4- 6 || total
-------------------------+-------+-------++-------
Melee: Unarmed           |    86 |    14 ||   100
       Tentacles         |    20 |     1 ||    21
       Constrict         |    20 |     4 ||    24
       Punch             |     1 |     1 ||     2
Evoke: Wand              |     3 |       ||     3
 Stab: Sleeping          |     3 |     1 ||     4
Armor: Skin              |     5 |     1 ||     6
Dodge: Dodged            |    54 |     4 ||    58
